[ AOE2 MATCH · #505278177 ]
UnrankedBulgarians vs Koreans
Player's team · WIN
Rival team · LOSS
[ REPLAY ANALYSIS · EXTRACTED FROM THE RECORDED GAME ]
Feudal
11:24
Castle
20:38
Imperial
—
| APM avg | 60.6 |
| APM peak | 93 |
| eAPM avg | 28.9 |
| Villagers / military | 70 / 29 |
Focus
⚔️ 34.7% · 🌾 65.3%
Konnik ×11 · Militia ×6 · Mangonel ×5 · Skirmisher ×5 · Archer ×2
Feudal
9:01
Castle
—
Imperial
—
| APM avg | 63.6 |
| APM peak | 129 |
| eAPM avg | 24.3 |
| Villagers / military | 62 / 30 |
Focus
⚔️ 24.4% · 🌾 75.6%
Skirmisher ×20 · Archer ×6 · Spearman ×4
Match map
Initial resources + every placement click. Lines = walls · curves = elevation contours. ◆ gold · ⬟ stone · ● berries · ✦ relic · ◌ wall gap
Your base· Open — 6t gap
LukeTheHunter's base· ✓ Closed at 25:33 · 49t walls · 1 gate(s)
Smoothed initial terrain · ◌ = detected wall gap · hover for details
Inputs per minute
— PandaThicc - - LukeTheHunter
Build order — PandaThicc
First 150 of 182 actions detected
| 0:00 | Create | Villager (Male) |
| 0:01 | Create | Villager (Male) |
| 0:02 | Build | House |
| 0:02 | Build | House |
| 0:05 | Create | Villager (Male) |
| 0:06 | Create | Villager (Male) |
| 1:27 | Create | Villager (Male) |
| 1:27 | Create | Villager (Male) |
| 2:04 | Create | Villager (Male) |
| 2:04 | Create | Villager (Male) |
| 2:24 | Create | Villager (Male) |
| 2:43 | Build | House |
| 2:54 | Create | Villager (Male) |
| 2:54 | Create | Villager (Male) |
| 3:33 | Create | Villager (Male) |
| 3:41 | Build | Barracks |
| 3:44 | Create | Villager (Male) |
| 4:14 | Create | Villager (Male) |
| 4:21 | Build | House |
| 4:26 | Create | Villager (Male) |
| 4:36 | Create | Militia |
| 4:36 | Create | Militia |
| 4:46 | Create | Militia |
| 4:46 | Create | Militia |
| 4:46 | Create | Militia |
| 5:07 | Create | Militia |
| 5:09 | Create | Villager (Male) |
| 5:42 | Create | Villager (Male) |
| 5:42 | Create | Villager (Male) |
| 5:42 | Create | Villager (Male) |
| 5:42 | Create | Villager (Male) |
| 5:51 | Build | House |
| 6:19 | Create | Villager (Male) |
| 6:19 | Research | Loom |
| 6:44 | Build | Lumber Camp |
| 7:02 | Create | Villager (Male) |
| 7:44 | Create | Villager (Male) |
| 7:57 | Build | Mill |
| 8:13 | Create | Villager (Male) |
| 8:19 | Build | Mill |
| 9:14 | Research | Feudal Age |
| 9:14 | Research | Feudal Age |
| 9:58 | Build | House |
| 10:01 | Build | House |
| 10:05 | Build | Palisade Wall |
| 10:29 | Build | Palisade Wall |
| 10:30 | Build | Palisade Wall |
| 10:30 | Build | Palisade Wall |
| 10:58 | Build | Lumber Camp |
| 11:08 | Create | Villager (Male) |
| 11:24 | Age | Feudal Age |
| 11:34 | Create | Villager (Male) |
| 11:36 | Build | Archery Range |
| 11:43 | Research | Double-Bit Axe |
| 11:54 | Build | Mining Camp |
| 12:08 | Research | Horse Collar |
| 12:09 | Create | Villager (Male) |
| 12:13 | Build | Farm |
| 12:36 | Create | Villager (Male) |
| 12:44 | Create | Villager (Male) |
| 12:57 | Create | Villager (Male) |
| 13:13 | Create | Skirmisher |
| 13:14 | Create | Villager (Male) |
| 13:16 | Build | Farm |
| 13:19 | Build | Farm |
| 13:22 | Build | Farm |
| 13:24 | Build | Farm |
| 13:29 | Create | Skirmisher |
| 13:30 | Create | Villager (Male) |
| 13:32 | Build | Farm |
| 13:37 | Build | Palisade Wall |
| 13:38 | Create | Villager (Male) |
| 14:01 | Create | Skirmisher |
| 14:06 | Build | Blacksmith |
| 14:10 | Build | House |
| 14:11 | Build | Palisade Wall |
| 14:13 | Create | Villager (Male) |
| 14:22 | Build | Farm |
| 14:34 | Create | Skirmisher |
| 14:44 | Build | Farm |
| 14:50 | Build | Farm |
| 15:05 | Create | Villager (Male) |
| 15:06 | Build | Farm |
| 15:19 | Build | Palisade Wall |
| 15:22 | Create | Villager (Male) |
| 15:42 | Create | Villager (Male) |
| 15:47 | Build | Market |
| 16:01 | Build | Mining Camp |
| 16:21 | Build | House |
| 16:23 | Build | Palisade Wall |
| 16:31 | Create | Archer |
| 16:41 | Build | Farm |
| 16:49 | Create | Villager (Male) |
| 17:06 | Create | Archer |
| 17:18 | Create | Villager (Male) |
| 17:58 | Research | Castle Age |
| 17:59 | Research | Castle Age |
| 17:59 | Research | Castle Age |
| 18:03 | Build | Farm |
| 18:05 | Build | Farm |
| 18:09 | Build | Farm |
| 18:34 | Build | Watch Tower |
| 18:42 | Build | House |
| 18:46 | Build | House |
| 18:48 | Build | Palisade Wall |
| 18:51 | Build | Palisade Gate |
| 19:02 | Build | Farm |
| 19:08 | Build | Farm |
| 19:17 | Build | Farm |
| 19:22 | Build | Farm |
| 19:31 | Research | Scale Barding Armor |
| 19:32 | Research | Forging |
| 19:40 | Create | Skirmisher |
| 19:59 | Research | Wheelbarrow |
| 20:28 | Build | Farm |
| 20:38 | Age | Castle Age |
| 20:40 | Research | Stone Mining |
| 20:42 | Create | Villager (Male) |
| 20:50 | Build | Siege Workshop |
| 20:53 | Create | Villager (Male) |
| 20:59 | Create | Villager (Male) |
| 21:09 | Build | Mining Camp |
| 21:10 | Create | Villager (Male) |
| 21:17 | Create | Villager (Male) |
| 21:41 | Create | Mangonel |
| 21:41 | Create | Mangonel |
| 21:41 | Create | Mangonel |
| 21:53 | Create | Villager (Male) |
| 22:26 | Create | Mangonel |
| 22:27 | Create | Mangonel |
| 22:29 | Build | House |
| 22:38 | Create | Villager (Male) |
| 22:56 | Build | Mining Camp |
| 23:13 | Build | Krepost |
| 23:24 | Create | Villager (Male) |
| 23:32 | Create | Villager (Male) |
| 23:44 | Create | Villager (Male) |
| 23:49 | Create | Villager (Male) |
| 23:54 | Create | Villager (Male) |
| 23:58 | Build | Town Center |
| 24:01 | Create | Villager (Male) |
| 24:12 | Create | Konnik |
| 24:12 | Create | Konnik |
| 24:13 | Create | Konnik |
| 24:14 | Create | Villager (Male) |
| 24:14 | Create | Villager (Male) |
| 24:21 | Create | Villager (Male) |
| 24:24 | Create | Villager (Male) |
| 24:34 | Create | Konnik |
| 24:39 | Create | Villager (Male) |
Build order — LukeTheHunter
First 150 of 179 actions detected
| 0:00 | Create | Villager (Male) |
| 0:01 | Create | Villager (Male) |
| 0:02 | Build | House |
| 0:03 | Build | House |
| 0:06 | Create | Villager (Male) |
| 0:06 | Create | Villager (Male) |
| 1:26 | Create | Villager (Male) |
| 1:50 | Build | Lumber Camp |
| 2:00 | Create | Villager (Male) |
| 2:18 | Create | Villager (Male) |
| 2:44 | Create | Villager (Male) |
| 3:01 | Create | Villager (Male) |
| 3:32 | Create | Villager (Male) |
| 4:09 | Build | House |
| 4:12 | Create | Villager (Male) |
| 4:12 | Create | Villager (Male) |
| 4:36 | Build | Mill |
| 4:49 | Create | Villager (Male) |
| 5:19 | Create | Villager (Male) |
| 5:39 | Create | Villager (Male) |
| 6:11 | Research | Loom |
| 6:32 | Build | Palisade Wall |
| 6:33 | Build | Palisade Wall |
| 6:39 | Build | Palisade Wall |
| 6:40 | Build | Palisade Wall |
| 6:51 | Research | Feudal Age |
| 7:39 | Build | House |
| 7:47 | Create | Villager (Male) |
| 8:02 | Build | Palisade Wall |
| 8:26 | Build | Barracks |
| 9:01 | Age | Feudal Age |
| 9:06 | Create | Villager (Male) |
| 9:06 | Create | Villager (Male) |
| 9:25 | Build | Archery Range |
| 9:47 | Create | Villager (Male) |
| 9:59 | Build | Mining Camp |
| 10:13 | Create | Archer |
| 10:13 | Create | Archer |
| 10:22 | Create | Villager (Male) |
| 10:24 | Create | Spearman |
| 10:37 | Create | Villager (Male) |
| 11:09 | Build | House |
| 11:33 | Create | Archer |
| 11:33 | Create | Villager (Male) |
| 11:42 | Build | Mill |
| 11:45 | Create | Archer |
| 11:46 | Create | Villager (Male) |
| 12:29 | Create | Villager (Male) |
| 12:29 | Create | Villager (Male) |
| 12:44 | Create | Villager (Male) |
| 12:55 | Create | Villager (Male) |
| 13:06 | Create | Archer |
| 13:06 | Create | Archer |
| 13:13 | Create | Spearman |
| 13:20 | Build | House |
| 13:27 | Build | Farm |
| 13:27 | Build | Farm |
| 13:28 | Build | Farm |
| 13:28 | Build | Farm |
| 13:28 | Build | Farm |
| 13:34 | Build | Farm |
| 13:43 | Create | Villager (Male) |
| 13:49 | Create | Skirmisher |
| 13:50 | Create | Skirmisher |
| 14:19 | Build | Archery Range |
| 14:22 | Create | Villager (Male) |
| 14:27 | Create | Skirmisher |
| 14:33 | Build | House |
| 14:38 | Research | Town Watch |
| 14:43 | Build | House |
| 14:46 | Build | Palisade Wall |
| 14:56 | Create | Villager (Male) |
| 14:58 | Build | House |
| 15:06 | Build | Palisade Wall |
| 15:09 | Build | Palisade Wall |
| 15:11 | Build | Palisade Wall |
| 15:15 | Create | Villager (Male) |
| 15:22 | Create | Skirmisher |
| 15:27 | Create | Skirmisher |
| 15:28 | Create | Skirmisher |
| 15:29 | Create | Skirmisher |
| 15:29 | Create | Skirmisher |
| 15:35 | Build | House |
| 15:37 | Build | Palisade Wall |
| 15:53 | Create | Villager (Male) |
| 16:03 | Create | Skirmisher |
| 16:04 | Create | Skirmisher |
| 16:12 | Build | Palisade Gate |
| 16:22 | Create | Villager (Male) |
| 16:24 | Build | Lumber Camp |
| 16:43 | Create | Villager (Male) |
| 16:47 | Create | Skirmisher |
| 16:48 | Create | Skirmisher |
| 16:48 | Create | Skirmisher |
| 16:48 | Create | Skirmisher |
| 17:02 | Create | Skirmisher |
| 17:10 | Create | Skirmisher |
| 17:10 | Create | Skirmisher |
| 17:16 | Create | Villager (Male) |
| 17:16 | Create | Villager (Male) |
| 17:20 | Build | Palisade Wall |
| 17:43 | Build | Blacksmith |
| 17:44 | Create | Villager (Male) |
| 17:45 | Create | Villager (Male) |
| 17:50 | Create | Skirmisher |
| 17:50 | Create | Skirmisher |
| 18:07 | Create | Villager (Male) |
| 18:12 | Create | Villager (Male) |
| 18:24 | Create | Skirmisher |
| 18:33 | Research | Fletching |
| 18:33 | Research | Fletching |
| 18:42 | Create | Villager (Male) |
| 18:49 | Build | House |
| 18:57 | Create | Villager (Male) |
| 18:58 | Create | Villager (Male) |
| 19:05 | Create | Villager (Male) |
| 19:24 | Build | Mining Camp |
| 19:35 | Build | Watch Tower |
| 19:38 | Create | Villager (Male) |
| 19:40 | Build | House |
| 19:41 | Build | House |
| 19:59 | Research | Horse Collar |
| 20:02 | Build | House |
| 20:05 | Build | House |
| 20:18 | Create | Villager (Male) |
| 20:28 | Create | Spearman |
| 20:28 | Create | Spearman |
| 20:33 | Build | House |
| 20:34 | Build | Farm |
| 20:34 | Build | Farm |
| 20:36 | Build | Farm |
| 20:37 | Build | Farm |
| 20:39 | Build | Farm |
| 20:52 | Build | Watch Tower |
| 20:53 | Create | Villager (Male) |
| 20:53 | Create | Villager (Male) |
| 21:07 | Create | Villager (Male) |
| 21:28 | Create | Villager (Male) |
| 21:45 | Create | Villager (Male) |
| 21:59 | Create | Villager (Male) |
| 22:07 | Build | Watch Tower |
| 22:17 | Create | Villager (Male) |
| 22:17 | Create | Villager (Male) |
| 22:23 | Create | Villager (Male) |
| 22:28 | Build | Farm |
| 22:28 | Build | Farm |
| 22:30 | Build | Farm |
| 22:30 | Build | Farm |
| 22:32 | Build | Farm |
| 22:32 | Build | Farm |
Match timeline
| 3:41 | PandaThicc · first_building Barracks |
| 6:32 | LukeTheHunter · wall_segment Palisade Wall x1 |
| 6:33 | LukeTheHunter · wall_segment Palisade Wall x1 |
| 6:39 | LukeTheHunter · wall_segment Palisade Wall x1 |
| 6:40 | LukeTheHunter · wall_segment Palisade Wall x1 |
| 8:02 | LukeTheHunter · wall_segment Palisade Wall x4 |
| 8:26 | LukeTheHunter · first_building Barracks |
| 9:01 | LukeTheHunter · age_up feudal |
| 9:25 | LukeTheHunter · first_building Archery Range |
| 10:05 | PandaThicc · wall_segment Palisade Wall x6 |
| 10:29 | PandaThicc · wall_segment Palisade Wall x1 |
| 10:30 | PandaThicc · wall_segment Palisade Wall x1 |
| 10:30 | PandaThicc · wall_segment Palisade Wall x1 |
| 11:24 | PandaThicc · age_up feudal |
| 11:36 | PandaThicc · first_building Archery Range |
| 13:37 | PandaThicc · wall_segment Palisade Wall x1 |
| 14:11 | PandaThicc · wall_segment Palisade Wall x6 |
| 14:46 | LukeTheHunter · wall_segment Palisade Wall x12 |
| 15:06 | LukeTheHunter · wall_segment Palisade Wall x1 |
| 15:09 | LukeTheHunter · wall_segment Palisade Wall x7 |
| 15:11 | LukeTheHunter · wall_segment Palisade Wall x9 |
| 15:19 | PandaThicc · wall_segment Palisade Wall x1 |
| 15:37 | LukeTheHunter · wall_segment Palisade Wall x13 |
| 16:23 | PandaThicc · wall_segment Palisade Wall x5 |
| 17:20 | LukeTheHunter · wall_segment Palisade Wall x4 |
| 17:24 | PandaThicc · first_market_sell 100 stone |
| 17:25 | PandaThicc · first_market_buy 100 food |
| 18:48 | PandaThicc · wall_segment Palisade Wall x1 |
| 20:38 | PandaThicc · age_up castle |
| 20:50 | PandaThicc · first_building Siege Workshop |
| 23:13 | PandaThicc · first_building Krepost |
| 25:29 | LukeTheHunter · first_market_buy 100 food |
| 25:41 | LukeTheHunter · wall_segment Stone Wall x3 |
| 25:55 | LukeTheHunter · wall_segment Stone Wall x4 |
| 25:57 | LukeTheHunter · wall_segment Stone Wall x1 |
| 26:06 | LukeTheHunter · wall_segment Stone Wall x1 |
| 26:23 | LukeTheHunter · wall_segment Stone Wall x10 |
| 26:28 | LukeTheHunter · wall_segment Stone Wall x6 |
| 26:36 | LukeTheHunter · wall_segment Stone Wall x8 |
| 27:11 | LukeTheHunter · resign |
[ AI ANALYSIS · 1 CREDIT ]
What really happened in this match?
Wolo.gg analyzes every decision: build order, eco, micro, common mistakes by bracket. Personalized analysis on WhatsApp or Discord in 30 seconds.
Civ guide
Bulgarians
Perfil
Jugador #622624